AoeStats
← 陆小果

Arabia

506966180Analyzed
2v2 RM · 17d ago on Sep 16, 2026· 54m 53s· 4 players
Game mode
Random Map
Map size
Medium (4 player)
Population
200
Speed
Normal
Resources
Standard
Victory
Conquest
Starting age
Dark Age
Ending age
Imperial Age
RankedLock teamsTeams togetherTeam positionsShared explorationLock speedFull tech treeHidden civsTurbo modeCheats
Victory
Defeat
🇨🇱 Khmer · Chile
682
+14
🇭🇷 Cumans · Croatia
675
+14
696
-16
🇭🇰 Celts · Hong Kong SAR China
587
-12
alfredo296gomez
5:10 Loom
10:54 Feudal Age
11:59 Double-Bit Axe
11:56 Horse Collar
16:14 Bloodlines
16:33 Forging
23:34 Castle Age
24:05 Scale Barding Armor
23:50 Light Cavalry
25:46 Bow Saw
25:38 Heavy Plow
25:32 Gold Mining
25:32 Stone Mining
26:06 Fervor
26:32 Husbandry
33:51 Imperial Age
33:18 Gold Shaft Mining
33:19 Stone Shaft Mining
34:21 Wheelbarrow
33:32 Town Watch
34:28 Wheelbarrow
33:39 Town Watch
35:15 Ballistics
36:24 Chain Barding Armor
35:56 Fletching
37:41 Elite Battle Elephant
39:55 Double Crossbow
42:06 Siege Engineers
43:02 Chemistry
41:27 Heavy Scorpion
42:13 Herbal Medicine
42:29 Tusk Swords
42:50 Bodkin Arrow
43:30 Plate Barding Armor
42:57 Scale Mail Armor
43:37 Murder Holes
43:54 Masonry
45:54 Hand Cart
45:39 Town Patrol
45:45 Bracer
46:22 Iron Casting
46:02 Chain Mail Armor
45:48 Padded Archer Armor
46:43 Architecture
Antheus Inmitis
0:55 Loom
10:59 Feudal Age
12:22 Wheelbarrow
14:03 Man-at-Arms
17:13 Horse Collar
19:18 Town Watch
20:29 Gold Mining
26:06 Castle Age
24:53 Scale Barding Armor
24:59 Forging
25:41 Bloodlines
27:22 Hand Cart
29:36 Gold Shaft Mining
28:49 Double-Bit Axe
30:31 Bow Saw
30:28 Long Swordsman
31:09 Squires
31:17 Stone Mining
32:04 Heavy Plow
33:47 Pikeman
37:49 Imperial Age
35:22 Town Patrol
36:18 Arson
37:15 Iron Casting
36:41 Scale Mail Armor
37:58 Two-Handed Swordsman
40:32 Caravan
40:15 Cavalier
40:25 Capped Ram
41:14 Onager
41:18 Champion
42:07 Steppe Husbandry
42:29 Conscription
43:14 Blast Furnace
42:35 Chain Barding Armor
42:31 Chain Mail Armor
42:08 Elite Kipchak
43:39 Elite Steppe Lancer
45:56 Siege Ram
47:41 Halberdier
49:29 Guilds
51:57 Paladin
AIRSOFT RATAS ARMADAS YT
1:05 Loom
12:09 Feudal Age
13:28 Wheelbarrow
14:03 Town Watch
16:06 Bloodlines
22:31 Horse Collar
22:53 Arson
23:40 Gold Mining
23:44 Stone Mining
26:26 Double-Bit Axe
30:08 Castle Age
32:14 Bow Saw
32:24 Husbandry
33:52 Squires
36:03 Stone Shaft Mining
38:26 Hand Cart
39:14 Heavy Plow
42:39 Ballistics
48:44 Imperial Age
46:11 Pikeman
46:36 Gambesons
47:12 Forging
47:03 Scale Mail Armor
47:27 Scale Barding Armor
48:29 Iron Casting
50:33 Conscription
陆小果
7:01 Loom
13:40 Feudal Age
14:26 Double-Bit Axe
22:02 Horse Collar
23:19 Stone Mining
24:32 Scale Mail Armor
27:43 Castle Age
34:04 Town Watch
34:54 Wheelbarrow
34:40 Chain Mail Armor
34:39 Forging
34:32 Heavy Plow
34:31 Pikeman
37:13 Stronghold
38:37 Bow Saw
39:51 Stone Shaft Mining
39:13 Gold Mining
43:39 Imperial Age
41:08 Treadmill Crane
43:39 Iron Casting
45:14 Furor Celtica
49:30 Onager
50:47 Halberdier
52:26 Ballistics
54:17 Plate Mail Armor
54:48 Blast Furnace
Connection lost

Rejoining the realm…

Still unreachable

The connection could not be restored.

Session expired

The server has moved on; the page needs a fresh start.